TOP OF THE 1ST |
Birmingham Barons batting - Pitching for Akron RubberDucks : RHP Andy Coats
|
Pitching: RHP Andy Coats
|
|
Batting: LHB Dalton Silveira
|
0-0: Called Strike 0-1: Called Strike 0-2: Fly out, F8 (Flyball, 8RD, EV 97.5 MPH)
|
Batting: SHB Veit Geisler
|
0-0: Called Strike 0-1: Ball 1-1: Foul Ball, location: 2F 1-2: Foul Ball, location: 2F 1-2: Foul Ball, location: 2F 1-2: Ball 2-2: Fly out, F7 (Flyball, 7D, EV 95.6 MPH)
|
Batting: LHB Carlos Ramirez
|
0-0: Foul Ball, location: 2F 0-1: Ball 1-1: Swinging Strike 1-2: Strikes out looking
|
Top of the 1st over - 0 runs, 0 hits, 0 errors, 0 left on base; Birmingham 0 - Akron 0 |
BOTTOM OF THE 1ST |
Akron RubberDucks batting - Pitching for Birmingham Barons : RHP Mario Medrano
|
Pitching: RHP Mario Medrano
|
|
Batting: LHB Stu Sornson
|
0-0: Ball 1-0: SINGLE (Groundball, 4M, EV 91.2 MPH) (infield hit)
|
Batting: LHB Johan de Vries
|
0-0: Ball 1-0: Called Strike 1-1: Foul Ball, location: 2F 1-2: Strikes out swinging
|
Batting: RHB Tristan Wright
|
0-0: Ball 1-0: TRIPLE (Flyball, 89XD, EV 105.6 MPH) Stu Sornson scores
|
Batting: LHB Costodio Varino
|
0-0: Ball 1-0: Called Strike 1-1: SINGLE (Line Drive, 9LM, EV 106.2 MPH) Tristan Wright scores
|
Batting: RHB Justin Lauderdale
|
0-0: Ball 1-0: Ball 2-0: Called Strike 2-1: Fly out, F9 (Flyball, 89M, EV 91.9 MPH)
|
Batting: RHB Adam McMillen
|
0-0: SINGLE (Groundball, 5S, EV 76.9 MPH) (infield hit) Costodio Varino to second
|
Batting: SHB Edwin Dominguez
|
0-0: Ball 1-0: Foul Ball, location: 2F 1-1: Called Strike 1-2: Ball 2-2: Ground out 4-3 (Groundball, 34, EV 87.5 MPH)
|
Bottom of the 1st over - 2 runs, 4 hits, 0 errors, 2 left on base; Birmingham 0 - Akron 2 |
TOP OF THE 2ND |
Birmingham Barons batting - Pitching for Akron RubberDucks : RHP Andy Coats
|
Batting: LHB Joe Kirkland
|
0-0: Called Strike 0-1: Ball 1-1: Ball 2-1: Foul Ball, location: 2F 2-2: Ball 3-2: SINGLE (Groundball, 4MD, EV 104.4 MPH)
|
Batting: LHB Herkko Haavikko
|
0-0: Foul Ball, location: 2F 0-1: Grounds out, U3 (Groundball, 3L, EV 86.2 MPH)
|
Batting: LHB Matt Hyde
|
0-0: Foul Ball, location: 2F 0-1: Ball 1-1: SINGLE (Line Drive, 34D, EV 96.2 MPH) Joe Kirkland to third
|
Batting: RHB Trevor Conklin
|
0-0: Ball 1-0: Foul Ball, location: 2F 1-1: Swinging Strike 1-2: Ball 2-2: SINGLE (Line Drive, 4M, EV 102.5 MPH) Joe Kirkland scores Matt Hyde to second
|
Batting: SHB Matt Childers
|
0-0: Ball 1-0: Foul Ball, location: 2F 1-1: Swinging Strike 1-2: Ball 2-2: Strikes out swinging
|
Batting: RHB Danny Heikkila
|
0-0: Called Strike 0-1: Foul Ball, location: 2F 0-2: Ball 1-2: Fielders Choice at 2nd, 5-4 (Groundball, 5, EV 78.1 MPH)
|
Top of the 2nd over - 1 run, 3 hits, 0 errors, 2 left on base; Birmingham 1 - Akron 2 |
BOTTOM OF THE 2ND |
Akron RubberDucks batting - Pitching for Birmingham Barons : RHP Mario Medrano
|
Batting: RHB Anibal Casteles
|
0-0: Called Strike 0-1: Swinging Strike 0-2: Strikes out swinging
|
Batting: RHB Kenzo Shinoda
|
0-0: Ground out 6-3 (Groundball, 6, EV 94.4 MPH)
|
Batting: LHB Stu Sornson
|
0-0: Swinging Strike 0-1: Ball 1-1: Swinging Strike 1-2: Foul Ball, location: 2F 1-2: Strikes out swinging
|
Bottom of the 2nd over - 0 runs, 0 hits, 0 errors, 0 left on base; Birmingham 1 - Akron 2 |
TOP OF THE 3RD |
Birmingham Barons batting - Pitching for Akron RubberDucks : RHP Andy Coats
|
Batting: LHB Dalton Silveira
|
0-0: Ball 1-0: SINGLE (Groundball, 4MD, EV 97.5 MPH)
|
Batting: SHB Veit Geisler
|
0-0: Called Strike Dalton Silveira is caught stealing 2nd base 2-6 0-1: Ball 1-1: Fly out, F8 (Flyball, 89S, EV 96.2 MPH)
|
Batting: LHB Carlos Ramirez
|
0-0: Ball 1-0: Ball 2-0: Ground out 6-3 (Groundball, 6, EV 86.9 MPH)
|
Top of the 3rd over - 0 runs, 1 hit, 0 errors, 0 left on base; Birmingham 1 - Akron 2 |
BOTTOM OF THE 3RD |
Akron RubberDucks batting - Pitching for Birmingham Barons : RHP Mario Medrano
|
Batting: LHB Johan de Vries
|
0-0: Ball 1-0: Called Strike 1-1: Bunt missed! 1-2: Ball 2-2: SINGLE (Line Drive, 4D, EV 99.4 MPH)
|
Batting: RHB Tristan Wright
|
Pickoff Throw to First - Out! 1-3 0-0: Ball 1-0: Ball 2-0: Foul Ball, location: 2F 2-1: Ball 3-1: Base on Balls
|
Batting: LHB Costodio Varino
|
0-0: Ball Tristan Wright steals 2nd base 1-0: Ball 2-0: Called Strike 2-1: SINGLE (Line Drive, 8LS, EV 99.4 MPH) Tristan Wright to third Runner from 3rd tries for Home, SAFE, throw by CF to home
|
Batting: RHB Justin Lauderdale
|
0-0: Called Strike 0-1: Swinging Strike 0-2: Grounds into double play, 6-4-3 (Groundball, 6, EV 96.2 MPH)
|
Bottom of the 3rd over - 1 run, 2 hits, 0 errors, 0 left on base; Birmingham 1 - Akron 3 |
TOP OF THE 4TH |
Birmingham Barons batting - Pitching for Akron RubberDucks : RHP Andy Coats
|
Batting: LHB Joe Kirkland
|
0-0: Called Strike 0-1: Foul Ball, location: 2F 0-2: Ball 1-2: Strikes out looking
|
Batting: LHB Herkko Haavikko
|
0-0: Foul Ball, location: 2F 0-1: DOUBLE (Line Drive, 3D, EV 96.9 MPH)
|
Batting: LHB Matt Hyde
|
0-0: Ball 1-0: Ball 2-0: SINGLE (Line Drive, 34D, EV 98.8 MPH) Herkko Haavikko to third Runner from 3rd tries for Home, SAFE, throw by RF to home Matt Hyde to second
|
Batting: RHB Trevor Conklin
|
0-0: Swinging Strike 0-1: Called Strike 0-2: Ball 1-2: Ground out 2-3 (Groundball, 15S, EV 71.2 MPH) Matt Hyde to third
|
Batting: SHB Matt Childers
|
0-0: Called Strike 0-1: Ball 1-1: Ball 2-1: Fly out, F6 (Line Drive, 6MD, EV 64.4 MPH)
|
Top of the 4th over - 1 run, 2 hits, 0 errors, 1 left on base; Birmingham 2 - Akron 3 |
BOTTOM OF THE 4TH |
Akron RubberDucks batting - Pitching for Birmingham Barons : RHP Mario Medrano
|
Batting: RHB Adam McMillen
|
0-0: Ball 1-0: Called Strike 1-1: Ball 2-1: Foul Ball, location: 2F 2-2: SINGLE (Line Drive, 4M, EV 94.4 MPH)
|
Batting: SHB Edwin Dominguez
|
0-0: Grounds into double play, 6-4-3 (Groundball, 6, EV 106.9 MPH)
|
Batting: RHB Anibal Casteles
|
0-0: Called Strike 0-1: Foul Ball, location: 2F 0-2: Ball 1-2: Ball 2-2: Foul Ball, location: 2F 2-2: Strikes out swinging
|
Bottom of the 4th over - 0 runs, 1 hit, 0 errors, 0 left on base; Birmingham 2 - Akron 3 |
TOP OF THE 5TH |
Birmingham Barons batting - Pitching for Akron RubberDucks : RHP Andy Coats
|
Batting: RHB Danny Heikkila
|
0-0: Called Strike 0-1: Fly out, F3 (Line Drive, 3, EV 67.5 MPH)
|
Batting: LHB Dalton Silveira
|
0-0: Swinging Strike 0-1: Ball 1-1: Called Strike 1-2: Foul Ball, location: 2F 1-2: Ball 2-2: Ball 3-2: Strikes out swinging
|
Batting: SHB Veit Geisler
|
0-0: Ball 1-0: SINGLE (Line Drive, 8LS, EV 105.6 MPH)
|
Batting: LHB Carlos Ramirez
|
0-0: Ball 1-0: Called Strike 1-1: Fly out, F4 (Popup, 34, EV 71.9 MPH)
|
Top of the 5th over - 0 runs, 1 hit, 0 errors, 1 left on base; Birmingham 2 - Akron 3 |
BOTTOM OF THE 5TH |
Akron RubberDucks batting - Pitching for Birmingham Barons : RHP Mario Medrano
|
Batting: RHB Kenzo Shinoda
|
0-0: Foul Ball, location: 2F 0-1: Ball 1-1: SINGLE (Line Drive, 4MD, EV 96.9 MPH)
|
Batting: LHB Stu Sornson
|
0-0: Ball 1-0: Ball 2-0: Ball 3-0: Called Strike 3-1: Called Strike 3-2: Foul Ball, location: 2F 3-2: Ground out 5-3 (Groundball, 5, EV 93.1 MPH) Kenzo Shinoda to second
|
Batting: LHB Johan de Vries
|
0-0: Ball 1-0: Foul Ball, location: 2F 1-1: Foul Ball, location: 2F 1-2: SINGLE (Groundball, 34D, EV 105.0 MPH) Kenzo Shinoda to third Runner from 3rd tries for Home, throw by RF and OUT! 9-2
|
Batting: RHB Tristan Wright
|
0-0: Ball Johan de Vries steals 2nd, throwing error, E2 Johan de Vries to third 1-0: Called Strike 1-1: Swinging Strike 1-2: Ground out 1-3 (Groundball, 34S, EV 71.9 MPH)
|
Bottom of the 5th over - 0 runs, 2 hits, 1 error, 1 left on base; Birmingham 2 - Akron 3 |
TOP OF THE 6TH |
Birmingham Barons batting - Pitching for Akron RubberDucks : RHP Andy Coats
|
Batting: LHB Joe Kirkland
|
0-0: Swinging Strike 0-1: Ball 1-1: Ball 2-1: Swinging Strike 2-2: Foul Ball, location: 2F 2-2: Foul Ball, location: 2F 2-2: Strikes out swinging
|
Batting: LHB Herkko Haavikko
|
0-0: Called Strike 0-1: Ball 1-1: SINGLE (Groundball, 6MD, EV 110.0 MPH)
|
Batting: LHB Matt Hyde
|
0-0: DOUBLE (Line Drive, 9LM, EV 97.5 MPH) Herkko Haavikko to third
|
Batting: RHB Trevor Conklin
|
0-0: Foul Ball, location: 2F 0-1: Ball 1-1: Ball 2-1: Swinging Strike 2-2: Ground out 5-3 (Groundball, 56, EV 106.9 MPH) Herkko Haavikko scores
|
Batting: SHB Matt Childers
|
0-0: Called Strike 0-1: Ground out 6-3 (Groundball, 4M, EV 79.4 MPH)
|
Top of the 6th over - 1 run, 2 hits, 0 errors, 1 left on base; Birmingham 3 - Akron 3 |
BOTTOM OF THE 6TH |
Akron RubberDucks batting - Pitching for Birmingham Barons : RHP Mario Medrano
|
Batting: LHB Costodio Varino
|
0-0: SINGLE (Groundball, 34D, EV 103.8 MPH) (infield hit)
|
Batting: RHB Justin Lauderdale
|
0-0: Ball 1-0: Foul Ball, location: 2F 1-1: Fly out, F7 (Flyball, 78M, EV 90.0 MPH)
|
Batting: RHB Adam McMillen
|
0-0: Called Strike 0-1: Ball 1-1: Grounds into double play, 4-6-3 (Groundball, 34, EV 104.4 MPH)
|
Bottom of the 6th over - 0 runs, 1 hit, 0 errors, 0 left on base; Birmingham 3 - Akron 3 |
TOP OF THE 7TH |
Birmingham Barons batting - Pitching for Akron RubberDucks : RHP Andy Coats
|
Batting: RHB Danny Heikkila
|
0-0: Called Strike 0-1: Ball 1-1: DOUBLE (Groundball, 5L, EV 96.2 MPH)
|
Batting: LHB Dalton Silveira
|
0-0: Intentional Walk
|
Batting: SHB Veit Geisler
|
0-0: Sac Bunt to P - play at first, batter OUT! 1-4 Danny Heikkila to third Dalton Silveira to second
|
Batting: LHB Carlos Ramirez
|
0-0: Called Strike 0-1: Ball 1-1: Ball 2-1: Foul Ball, location: 2F 2-2: Foul Ball, location: 2F 2-2: Foul Ball, location: 2F 2-2: Ball 3-2: Fly out, F8 (Flyball, 8LM, EV 78.8 MPH) Runner from 3rd tags up, SCORES, throw by CF
|
Pitching: LHP Jose Carmona
|
|
Batting: LHB Joe Kirkland
|
0-0: Ball Wild Pitch! Dalton Silveira to third 1-0: Fly out, F9 (Flyball, 9LM, EV 93.1 MPH)
|
Top of the 7th over - 1 run, 1 hit, 0 errors, 1 left on base; Birmingham 4 - Akron 3 |
BOTTOM OF THE 7TH |
Akron RubberDucks batting - Pitching for Birmingham Barons : RHP Mario Medrano
|
Batting: SHB Edwin Dominguez
|
0-0: Called Strike 0-1: Ball 1-1: Ball 2-1: Ball 3-1: Foul Ball, location: 2F 3-2: TRIPLE (Flyball, 8LXD, EV 96.2 MPH)
|
Batting: RHB Anibal Casteles
|
0-0: Swinging Strike 0-1: Ground out 6-3 (Groundball, 6, EV 85.0 MPH)
|
Pitching: LHP Matt Schwartz
|
|
Batting: RHB Kenzo Shinoda
|
0-0: Ball 1-0: Swinging Strike 1-1: Called Strike 1-2: Fly out, F7 (Flyball, 78S, EV 91.2 MPH)
|
Pinch Hitting: SHB Javon Mitchell
|
0-0: Ball 1-0: Ball 2-0: Fly out, F8 (Flyball, 8RD, EV 103.1 MPH)
|
Bottom of the 7th over - 0 runs, 1 hit, 0 errors, 1 left on base; Birmingham 4 - Akron 3 |
TOP OF THE 8TH |
Birmingham Barons batting - Pitching for Akron RubberDucks : LHP Jose Carmona
|
Now in LF: Jarrod Lindblad
|
|
Batting: LHB Herkko Haavikko
|
0-0: Swinging Strike 0-1: Foul Ball, location: 2F 0-2: Strikes out swinging
|
Batting: LHB Matt Hyde
|
0-0: Fly out, F8 (Flyball, 8RXD, EV 106.9 MPH)
|
Pitching: RHP David Matheney
|
|
Batting: RHB Trevor Conklin
|
0-0: Ball 1-0: Called Strike 1-1: Swinging Strike 1-2: Strikes out swinging
|
Top of the 8th over - 0 runs, 0 hits, 0 errors, 0 left on base; Birmingham 4 - Akron 3 |
BOTTOM OF THE 8TH |
Akron RubberDucks batting - Pitching for Birmingham Barons : LHP Matt Schwartz
|
Pinch Hitting: RHB Mitch Boyd
|
0-0: Called Strike 0-1: Ground out 6-3 (Groundball, 6, EV 108.1 MPH)
|
Batting: RHB Tristan Wright
|
0-0: Swinging Strike 0-1: Ball 1-1: Called Strike 1-2: Ball 2-2: Foul Ball, location: 2F 2-2: Strikes out swinging
|
Batting: LHB Costodio Varino
|
0-0: Ball 1-0: Ball 2-0: Foul Ball, location: 2F 2-1: Foul Ball, location: 2F 2-2: Foul Ball, location: 2F 2-2: Strikes out swinging
|
Bottom of the 8th over - 0 runs, 0 hits, 0 errors, 0 left on base; Birmingham 4 - Akron 3 |
TOP OF THE 9TH |
Birmingham Barons batting - Pitching for Akron RubberDucks : RHP David Matheney
|
Now at 2B: Mitch Boyd
|
|
Batting: SHB Matt Childers
|
0-0: Foul Ball, location: 2F 0-1: Called Strike 0-2: Strikes out swinging
|
Batting: RHB Danny Heikkila
|
0-0: Foul Ball, location: 2F 0-1: Foul Ball, location: 2F 0-2: Ball 1-2: Fly out, F8 (Flyball, 8RM, EV 91.9 MPH)
|
Batting: LHB Dalton Silveira
|
0-0: Ball 1-0: Swinging Strike 1-1: Foul Ball, location: 2F 1-2: Strikes out swinging
|
Top of the 9th over - 0 runs, 0 hits, 0 errors, 0 left on base; Birmingham 4 - Akron 3 |
BOTTOM OF THE 9TH |
Akron RubberDucks batting - Pitching for Birmingham Barons : LHP Matt Schwartz
|
Pitching: RHP Nate Myers
|
|
Batting: RHB Justin Lauderdale
|
0-0: Foul Ball, location: 2F 0-1: Called Strike 0-2: Ground out 6-3 (Groundball, 56S, EV 67.5 MPH)
|
Batting: RHB Adam McMillen
|
0-0: Called Strike 0-1: SINGLE (Line Drive, 4D, EV 101.9 MPH)
|
Batting: SHB Edwin Dominguez
|
0-0: Ball 1-0: SINGLE (Groundball, 34, EV 101.2 MPH) Adam McMillen to second Runner from 2nd tries for 3rd, SAFE, throw by RF made to third
|
Batting: RHB Anibal Casteles
|
0-0: Ball 1-0: Ball 2-0: Called Strike 2-1: Foul Ball, location: 2F 2-2: Hit by Pitch Edwin Dominguez to second
|
Pinch Hitting: SHB Dan Morataya
|
0-0: Ball 1-0: Called Strike 1-1: Ball 2-1: SINGLE (Line Drive, 9S, EV 96.2 MPH) Adam McMillen scores Edwin Dominguez to third Anibal Casteles to second
|
Batting: SHB Jarrod Lindblad
|
0-0: Foul Ball, location: 2F 0-1: Ball 1-1: Ball 2-1: Ball 3-1: Grounds into fielders choice 4-2 (Groundball, 4S, EV 93.8 MPH) Anibal Casteles to third Dan Morataya to second
|
Pinch Hitting: LHB Nick Welling
|
0-0: Called Strike 0-1: Ground out U3 (Groundball, 3, EV 83.8 MPH)
|
Bottom of the 9th over - 1 run, 3 hits, 0 errors, 3 left on base; Birmingham 4 - Akron 4 |
TOP OF THE 10TH |
Birmingham Barons batting - Pitching for Akron RubberDucks : RHP David Matheney
|
Pitching: RHP Dave Barry
|
|
Now at 2B: Jarrod Lindblad
|
|
Now in LF: Dan Morataya
|
|
Now in CF: Nick Welling
|
|
Batting: SHB Veit Geisler
|
0-0: Swinging Strike 0-1: Ball 1-1: Ball 2-1: Called Strike 2-2: SINGLE (Groundball, 4MD, EV 103.8 MPH)
|
Batting: LHB Carlos Ramirez
|
0-0: Ball 1-0: Ball 2-0: Swinging Strike 2-1: Fly out, F6 (Flyball, 6MD, EV 88.1 MPH)
|
Batting: LHB Joe Kirkland
|
0-0: Ball 1-0: Foul Ball, location: 2F 1-1: Swinging Strike 1-2: Fielders Choice at 2nd, 4-6 (Groundball, 13, EV 88.8 MPH)
|
Batting: LHB Herkko Haavikko
|
0-0: Called Strike 0-1: Fly out, F4 (Popup, 4MD, EV 46.2 MPH)
|
Top of the 10th over - 0 runs, 1 hit, 0 errors, 1 left on base; Birmingham 4 - Akron 4 |
BOTTOM OF THE 10TH |
Akron RubberDucks batting - Pitching for Birmingham Barons : RHP Nate Myers
|
Pitching: LHP Miguel Moreno
|
|
Batting: RHB Tristan Wright
|
0-0: Called Strike 0-1: Ball 1-1: Called Strike 1-2: Fly out, F8 (Flyball, 8LD, EV 105.6 MPH)
|
Batting: LHB Costodio Varino
|
0-0: Called Strike 0-1: Foul Ball, location: 2F 0-2: Ball 1-2: Ball 2-2: Ground out 5-3 (Groundball, 56, EV 106.2 MPH)
|
Batting: RHB Justin Lauderdale
|
0-0: Ball 1-0: Hit by Pitch
|
Batting: RHB Adam McMillen
|
0-0: Ball 1-0: SINGLE (Groundball, 34, EV 96.9 MPH) (infield hit) Justin Lauderdale to second
|
Batting: SHB Edwin Dominguez
|
0-0: Ball 1-0: Called Strike 1-1: Ball 2-1: Ball 3-1: SINGLE (Groundball, 56D, EV 106.2 MPH) Justin Lauderdale to third Adam McMillen to second Runner from 3rd tries for Home, SAFE, throw by LF to home
|
Bottom of the 10th over - 1 run, 2 hits, 0 errors, 2 left on base; Birmingham 4 - Akron 5 |
|